 Dungeon Crawl Stone Soup version 0.27-a0-1196-g3e9cee4cb2 (webtiles) character file.

Game seed: 13909033617530834814

864 wakim the Ruffian (level 7, 0/68 HPs)
             Began as a Troll Fighter on May 28, 2021.
             Was an Initiate of Nemelex Xobeh.
             Slain by a two-headed ogre
             ... wielding a +0 giant club
              (13 damage)
             ... on level 6 of the Dungeon.
             The game lasted 00:09:35 (4393 turns).

wakim the Ruffian (Troll Fighter)                   Turns: 4393, Time: 00:09:35

Health: 0/68       AC:  4    Str: 26    XL:     7   Next: 72%
Magic:  6/6        EV: 13    Int:  5    God:    Nemelex Xobeh [......]
Gold:   222        SH: 10    Dex:  9    Spells: 6/6 levels left

rFire    . . .     SeeInvis .     - Unarmed
rCold    . . .     Faith    .   b - +1 kite shield
rNeg     . . .     Spirit   .   a - +0 robe
rPois    +         Reflect  .   (helmet restricted)
rElec    .         Harm     .   (no cloak)
rCorr    .         Rampage  .   (gloves unavailable)
Will     .....                  (boots unavailable)
Stlth    +.........             (no amulet)
HPRegen  1.21/turn              o - ring of poison resistance
MPRegen  0.10/turn              m - +4 ring of evasion

@: no status effects
A: large, unfitting armour, claws 3, regeneration 1, shaggy fur 1, tough skin 1
a: Renounce Religion, Draw Escape, Draw Destruction, Draw Summoning


You were on level 6 of the Dungeon.
You worshipped Nemelex Xobeh.
Nemelex Xobeh was noncommittal.
You visited 1 branch of the dungeon, and saw 6 of its levels.

You collected 222 gold pieces.

Inventory:

Missiles
 k - 16 poisoned darts (quivered)
Armour
 a - a +0 robe (worn)
 b - a +1 kite shield (worn)
 d - a +2 cloak
Jewellery
 i - a ring of flight
 m - a +4 ring of evasion (right claw)
 o - a ring of poison resistance (left claw)
Scrolls
 g - a scroll of enchant armour
 T - 2 scrolls of teleportation
Potions
 c - a potion of attraction {unknown}
 e - a potion of lignification {unknown}
 p - a potion of mutation {unknown}
 q - 2 potions of heal wounds {unknown}
 A - a potion of ambrosia
 D - a potion of brilliance
 F - 5 potions of curing
 N - 3 potions of might


   Skills:
 + Level 3.8 Fighting
 + Level 3.7 Dodging
 * Level 4.8 Shields
 * Level 5.3 Unarmed Combat
 + Level 0.7 Invocations


You had 6 spell levels left.
You didn't know any spells.
Your spell library contained the following spells:

 Spells                   Type           Power      Damage    Failure   Level
 Magic Dart               Conj           0%         1d3       78%         1
 Blink                    Tloc           N/A        N/A       89%         2
 Call Imp                 Summ           0%         N/A       89%         2
 Slow                     Hex            0%         N/A       89%         2
 Conjure Flame            Conj/Fire      0%         6-21      98%         3
 Mephitic Cloud           Conj/Pois/Air  0%         N/A       98%         3


Dungeon Overview and Level Annotations

Branches:
Dungeon (6/15)
 Temple: D:4-7

Altars:
Ashenzari
Cheibriados
Elyvilon
Makhleb
Nemelex Xobeh
Sif Muna
Xom
Yredelemnul
The Shining One

Annotations:
D:5 5 runed translucent doors


Innate Abilities, Weirdness & Mutations

You are too large for most types of armour.
You have claws for hands.
Your natural rate of healing is unusually fast.
You are covered in fur. (AC +1)
You have tough skin. (AC +1)


Message History

You block the kobold's attack. The kobold brigand barely misses you.
The kobold misses you.
You closely miss the kobold brigand.
The kobold brigand is moderately wounded.
The bullfrog zombie hits you. The kobold closely misses you.
You block the orc's attack.
The kobold brigand hits you but does no damage.
You block the kobold's attack.
You scratch the kobold brigand.
The kobold brigand is heavily wounded.
You block the kobold's attack.
The kobold brigand hits you with a +0 dagger.
You block the orc's attack. The kobold barely misses you.
Unknown command.
A two-headed ogre comes into view. It is wielding two +0 giant clubs.
The two-headed ogre shouts in stereo!
You block the orc's attack. x2
The orc zaps a wand.
The bolt of acid hits you!
You are splashed with acid!
* * * LOW HITPOINT WARNING * * *
There is a stone staircase leading up here.
You climb upwards.
Level annotation: 5 runed translucent doors
There is a stone staircase leading down here.
You start resting.
HP restored.
You climb downwards.
A jelly comes into view.
You block the orc's attack. You block the two-headed ogre's attack.
The two-headed ogre hits you with a +0 giant club!
The orc zaps a wand.
The bolt of acid hits you!
You are splashed with acid!
The orc misses you. The hound bites you but does no damage.
There is a stone staircase leading up, spattered with blood here.
The hound bites you but does no damage.
The two-headed ogre hits you with a +0 giant club!!
* * * LOW HITPOINT WARNING * * *
The two-headed ogre hits you with a +0 giant club!
You die...
Your body disappears without a glow.

#...........#
...........#
..#.......#
$#....)K.#
#.......###
.......(..##
.......Z.K.#
......hhK.##
......o@###
......Oo#
.......<#
.J.......
#++####..
#..# ##.# ##


You could see a two-headed ogre, a black bear, a kobold brigand, a hound, a
jelly (wandering), 2 orcs, a bullfrog zombie and 2 kobolds.

Vanquished Creatures
  Eustachio (D:4)
  A black bear (D:4)
  A necrophage (D:4)
  An ogre (D:5)
  Blork the orc (D:5)
  A howler monkey (D:5)
  A crimson imp (D:3)
  A hound (D:4)
  2 jellies
  An orc priest (D:5)
  Crazy Yiuf (D:5)
  An iguana (D:5)
  A mummy (D:4)
  A hound skeleton (D:5)
  4 adders
  A white imp (D:5)
  2 ufetubi
  3 worms
  A dart slug (D:2)
  2 orcs (D:5)
  4 ball pythons
  5 bats
  4 endoplasms
  7 goblins
  5 hobgoblins
  4 quokkas
  3 frilled lizards (D:1)
  12 kobolds
  5 rats
77 creatures vanquished.

Notes
Turn   | Place    | Note
-------+----------+-------------------------------------------
     0 | D:1      | wakim the Troll Fighter began the quest for the Orb.
     0 | D:1      | Reached XP level 1. HP: 22/22 MP: 0/0
   148 | D:1      | Reached XP level 2. HP: 29/29 MP: 1/1
  1256 | D:2      | Found a faded altar of an unknown god.
  1262 | D:2      | Reached XP level 3. HP: 36/36 MP: 2/2
  2135 | D:3      | Reached XP level 4. HP: 44/44 MP: 3/3
  2170 | D:3      | Reached skill level 3 in Unarmed Combat
  2193 | D:3      | Found a broken altar of Ashenzari.
  2368 | D:3      | Found a burning altar of Makhleb.
  2368 | D:3      | Found a shimmering altar of Xom.
  2469 | D:4      | Noticed a necrophage
  2480 | D:4      | Killed a necrophage
  2481 | D:4      | Reached XP level 5. HP: 49/53 MP: 4/4
  2618 | D:4      | Noticed a black bear
  2626 | D:4      | Killed a black bear
  2627 | D:4      | Reached skill level 4 in Unarmed Combat
  2627 | D:4      | Reached XP level 6. HP: 44/61 MP: 5/5
  2690 | D:4      | Found a glowing golden altar of the Shining One.
  2749 | D:4      | Noticed Eustachio
  2776 | D:4      | Killed Eustachio
  3106 | D:4      | Found a snail-covered altar of Cheibriados.
  3220 | D:4      | Reached XP level 7. HP: 48/67 MP: 6/6
  3388 | D:5      | Entered Level 5 of the Dungeon
  3441 | D:5      | Found a sparkling altar of Nemelex Xobeh.
  3450 | D:5      | Became a worshipper of Nemelex Xobeh the Trickster
  3535 | D:5      | Found a runed translucent door.
  3536 | D:5      | Noticed Crazy Yiuf
  3546 | D:5      | Killed Crazy Yiuf
  3547 | D:5      | Reached skill level 5 in Unarmed Combat
  3549 | D:5      | Identified the +2 mace "Voug" {vorpal, rPois Int+4}
  3689 | D:5      | Found a runed translucent gate.
  3689 | D:5      | Noticed a redback
  3690 | D:5      | Noticed a redback
  3690 | D:5      | Noticed a redback
  3690 | D:5      | Noticed a redback
  3691 | D:5      | Found a runed translucent gate.
  3691 | D:5      | Found a runed translucent gate.
  3700 | D:5      | Found a runed translucent door.
  3709 | D:5      | Found the +9 staff of Olgreb {rPois∞}
  3713 | D:5      | Found a runed translucent door.
  3793 | D:5      | Noticed Blork the orc
  3799 | D:5      | Killed Blork the orc
  3923 | D:5      | Found a white marble altar of Elyvilon.
  4155 | D:5      | Found a basalt altar of Yredelemnul.
  4252 | D:5      | Found a shimmering blue altar of Sif Muna.
  4348 | D:6      | Noticed a two-headed ogre
  4393 | D:6      | Slain by a two-headed ogre

Illustrated notes

Levels and vault maps discovered:
D:1:      dpeg_arrival_court, layout_loops_corners, bh_walls_and_bars
D:2:      layout_rooms, basic_ecumenical_altar
D:3:      layout_loops_cross, grunt_temple_overflow_champion_of_chaos,
          lemuel_tele_altar
D:4:      layout_loops_ring, lemuel_doored_altar, chei_slow_surprise,
          kennysheep_generic_room_16, uniq_eustachio
D:5:      layout_basic, kennysheep_ying_yang, nemelex_xobeh_ov_fountains_minmay,
          led_sif_pool, minmay_guarded_unrand_staff_of_olgreb,
          uniq_blork_the_orc, uniq_crazy_yiuf_cottage
D:6:      cheibrodos_fzero, layout_cave_pools,
          minmay_temple_entry_statues_pillars, kennysheep_generic_room_5,
          uniq_duvessa

Skill      XL: |  1  2  3  4  5  6  7 |
---------------+----------------------+-----
Shields        | 3 4 |  4.8
Unarmed Combat | 3 4 5 |  5.3
Fighting       | 3 |  3.8
Dodging        | 3 |  3.7
Invocations    | |  0.7

Action                   |  1- 3 |  4- 6 |  7- 9 || total
-------------------------+-------+-------+-------++-------
Melee: Unarmed           |   118 |    81 |    70 ||   269
  Use: Scroll            |       |       |    12 ||    12
Armor: Robe              |    30 |    19 |    17 ||    66
Dodge: Dodged            |    34 |    32 |    57 ||   123
Block: Kite shield       |    54 |    32 |    54 ||   140

Table legend: (Time is in decaauts)
 A = Elapsed time spent in this place.
 B = Non-inter-level travel time spent in this place.
 C = Inter-level travel time spent in this place.
 D = Time resting spent in this place.
 E = Time spent auto-exploring this place.
 F = Levels seen in this place.
 G = Mean time per level.
                   A        B        C        D        E       F      G
               +--------+--------+--------+--------+--------+-----+--------+
         Total |   4422 |   4199 |    223 |     38 |   3439 |   6 |  737.0 |
       Dungeon |   4422 |   4199 |    223 |     38 |   3439 |   6 |  737.0 |
               +--------+--------+--------+--------+--------+-----+--------+

Top non-repeatable levels by time:
     D:1: 1190 daAuts
     D:5: 983 daAuts
     D:4: 934 daAuts
     D:3: 811 daAuts
     D:2: 477 daAuts
     D:6: 25 daAuts
